AoeStats
← MZTK | Vasmart

Nomad

510044627Analyzed
4v4 RM · 2d ago on Sep 29, 2026· 23m 11s· 8 players
Game mode
Random Map
Map size
231×231
Population
200
Speed
Normal
Resources
Standard
Victory
Conquest
Starting age
Dark Age
Ending age
Imperial Age
RankedLock teamsTeams togetherTeam positionsShared explorationLock speedFull tech treeHidden civsTurbo modeCheats
Victory
Defeat
🇲🇽 Huns · Mexico
1372
+12
🇲🇽 Italians · Mexico
1273
+16
🇲🇽 Danes · Mexico
1258
+17
🇲🇽 Persians · Mexico
1223
+19
🇻🇳 Italians · Vietnam
1336
-18
🇨🇳 Turks · China
1286
-16
🇲🇽 Britons · Mexico
1275
-16
🇨🇳 Mongols · China
1242
-14
Eduardo
4:01 Loom
15:09 Feudal Age
19:37 Castle Age
17:42 Fletching
17:52 Padded Archer Armor
17:42 Double-Bit Axe
19:47 Crossbowman
20:46 Leather Archer Armor
国产男子汉
5:34 Loom
13:45 Feudal Age
17:58 Castle Age
16:35 Double-Bit Axe
17:07 Horse Collar
xcfotrp131
3:33 Loom
13:13 Feudal Age
19:51 Castle Age
18:56 Double-Bit Axe
19:45 Horse Collar
8co
5:21 Loom
12:09 Feudal Age
13:07 Double-Bit Axe
15:10 Fletching
20:22 Castle Age
18:04 Horse Collar
18:12 Fishing Lines
18:46 Gold Mining
21:26 Medium Warships
21:07 Gillnets
23:00 Bow Saw
23:10 Bodkin Arrow
MZTK l ROD
5:33 Loom
12:32 Feudal Age
13:25 Double-Bit Axe
21:20 Castle Age
20:07 Gold Mining
21:16 Fishing Lines
21:53 Fletching
22:18 Medium Warships
22:32 Gillnets
23:58 Bow Saw
MZTK | SUPERLALOSKI
8:16 Loom
13:42 Feudal Age
14:22 Double-Bit Axe
20:19 Town Watch
21:09 Wheelbarrow
21:18 Fishing Lines
24:35 Castle Age
23:01 Gold Mining
22:54 Horse Collar
MZTK | Vasmart
10:47 Loom
13:40 Feudal Age
21:45 Castle Age
MZTK | Puppet
6:35 Loom
16:01 Feudal Age
17:38 Fletching
20:10 Wheelbarrow
24:38 Castle Age
23:40 Padded Archer Armor
Connection lost

Rejoining the realm…

Still unreachable

The connection could not be restored.

Session expired

The server has moved on; the page needs a fresh start.